AoeStats
← Reinhardlunsen

Black Forest

508508276Analyzed
4v4 RM · 9d ago on Sep 22, 2026· 34m 58s· 8 players
Game mode
Random Map
Map size
Large (8 player)
Population
200
Speed
Normal
Resources
Standard
Victory
Conquest
Starting age
Dark Age
Ending age
Imperial Age
RankedLock teamsTeams togetherTeam positionsShared explorationLock speedFull tech treeHidden civsTurbo modeCheats
Victory
Defeat
🇹🇼 Gurjaras · Taiwan
1716
+8
🇹🇼 Jurchens · Taiwan
1708
+8
🇹🇼 Koreans · Taiwan
1651
+10
🇹🇼 Malians · Taiwan
1393
+21
🇩🇪 Vietnamese · Germany
1606
-15
🇦🇷 Bulgarians · Argentina
1548
-13
🇦🇷 Italians · Argentina
1489
-10
🇨🇴 Huns · Colombia
1443
-9
TKB_
1:30 Loom
13:03 Feudal Age
16:56 Double-Bit Axe
17:24 Fletching
21:26 Fishing Lines
26:46 Castle Age
32:13 Imperial Age
29:56 Gillnets
32:31 Bodkin Arrow
32:37 Padded Archer Armor
33:14 Bracer
Reinhardlunsen
11:52 Feudal Age
15:52 Castle Age
16:42 Double-Bit Axe
16:38 Horse Collar
18:21 Horse Collar
19:06 Bow Saw
23:32 Wheelbarrow
24:57 Hand Cart
24:35 Gold Mining
24:42 Loom
26:50 Heavy Plow
30:16 Imperial Age
27:41 Fletching
28:31 Bodkin Arrow
28:37 Padded Archer Armor
29:22 Ballistics
29:42 Leather Archer Armor
30:17 Elite Rattan Archer
30:58 Bracer
32:08 Chemistry
32:22 Ring Archer Armor
33:10 Siege Engineers
(GDL)Ultthor
11:16 Feudal Age
14:55 Castle Age
13:09 Double-Bit Axe
14:25 Horse Collar
16:07 Bow Saw
20:27 Wheelbarrow
23:10 Heavy Plow
23:59 Gold Mining
27:49 Imperial Age
26:00 Gold Shaft Mining
26:27 Scale Mail Armor
26:37 Forging
26:21 Stone Mining
26:40 Gambesons
26:56 Squires
27:14 Chain Mail Armor
27:29 Hand Cart
26:59 Town Watch
26:59 Loom
28:24 Iron Casting
27:58 Town Watch
27:53 Capped Ram
29:07 Plate Mail Armor
29:37 Blast Furnace
29:41 Ballistics
29:03 Siege Ram
30:23 Bagains
31:10 Onager
33:36 Conscription
33:06 Pikeman
33:24 Siege Onager
ImPerez22
12:09 Feudal Age
13:54 Double-Bit Axe
15:45 Fishing Lines
19:56 Castle Age
21:02 Gillnets
21:37 Bow Saw
22:53 Gold Mining
24:06 Wheelbarrow
26:46 Imperial Age
24:14 Stone Mining
24:10 Loom
24:42 Husbandry
24:52 Bloodlines
25:43 Coinage
25:22 Scale Barding Armor
26:33 Chain Barding Armor
26:25 Forging
27:59 Iron Casting
27:25 Cavalier
28:48 Plate Barding Armor
28:26 Horse Collar
30:07 Banking
30:11 Conscription
31:21 Fletching
31:45 Bodkin Arrow
33:07 Scale Mail Armor
34:10 Blast Furnace
33:11 Pikeman
33:51 Squires
33:59 Halberdier
35:09 Chain Mail Armor
A88
9:13 Loom
11:20 Feudal Age
14:58 Castle Age
13:09 Double-Bit Axe
13:46 Fishing Lines
17:41 Bow Saw
18:15 Horse Collar
20:34 Gillnets
20:50 Horse Collar
25:48 Wheelbarrow
28:02 Imperial Age
25:18 Loom
25:18 Town Watch
25:51 Heavy Plow
26:13 Gold Mining
26:14 Stone Mining
28:02 Hand Cart
27:58 Scale Mail Armor
28:11 Treadmill Crane
28:37 Squires
28:06 Heavy Rocket Cart
30:10 Chemistry
29:45 Scale Barding Armor
29:51 Forging
31:05 Siege Engineers
31:41 Chain Barding Armor
31:56 Iron Casting
31:53 Conscription
30:54 Elite Iron Pagoda
33:22 Plate Barding Armor
33:47 Blast Furnace
Umi
11:39 Feudal Age
17:35 Castle Age
16:18 Double-Bit Axe
19:10 Bow Saw
19:48 Fishing Lines
20:48 Gillnets
23:20 Wheelbarrow
23:51 Horse Collar
24:51 Gold Mining
28:21 Gold Shaft Mining
27:47 Stone Mining
30:37 Imperial Age
29:13 Hand Cart
28:45 Loom
28:45 Town Watch
29:01 Fletching
30:09 Treadmill Crane
30:41 Masonry
31:29 Scale Mail Armor
31:41 Eupseong
32:02 Conscription
32:45 Chemistry
32:09 Ballistics
31:35 Arrowslits
31:46 Bodkin Arrow
32:56 Chain Mail Armor
32:02 Pikeman
32:43 Squires
33:37 Murder Holes
33:43 Bracer
34:58 Plate Mail Armor
33:50 Halberdier
Ecoli
4:20 Loom
12:33 Feudal Age
16:14 Castle Age
14:41 Double-Bit Axe
17:07 Bow Saw
18:43 Wheelbarrow
20:48 Fishing Lines
23:17 Horse Collar
28:30 Imperial Age
26:26 Scale Barding Armor
26:31 Forging
26:16 Loom
26:18 Town Watch
26:50 Hand Cart
26:35 Gold Mining
26:39 Stone Mining
27:35 Chain Barding Armor
28:32 Iron Casting
28:46 Gold Shaft Mining
27:44 Light Cavalry
28:34 Bloodlines
28:25 Husbandry
28:57 Kshatriyas
29:06 Heavy Camel Rider
30:11 Heavy Plow
31:20 Frontier Guards
32:12 Plate Barding Armor
33:15 Stone Shaft Mining
33:13 Conscription
34:55 Crop Rotation
34:04 Siege Elephant
kuim
0:46 Loom
12:26 Feudal Age
15:03 Fletching
18:18 Castle Age
17:03 Double-Bit Axe
19:20 Bow Saw
21:28 Fishing Lines
23:12 Gold Mining
25:28 Wheelbarrow
26:07 Horse Collar
32:04 Imperial Age
31:23 Scale Barding Armor
31:28 Forging
31:48 Hand Cart
31:18 Town Watch
32:14 Bloodlines
32:04 Husbandry
32:48 Farimba
32:09 Cavalier
34:08 Gold Shaft Mining
33:26 Stone Mining
Connection lost

Rejoining the realm…

Still unreachable

The connection could not be restored.

Session expired

The server has moved on; the page needs a fresh start.